[Event "TOP 12 Feminin 2023 Phase 1"]
[Site "MULHOUSE, France"]
[Date "2023.05.18"]
[Round "1.18"]
[White "SKRIPCHENKO, Almira"]
[Black "BEREND, Elvira"]
[Result "0-1"]
[ECO "B51"]
[WhiteElo "2384"]
[BlackElo "2255"]
[PlyCount "162"]
[EventDate "2023.??.??"]
[WhiteTeam "Monaco"]
[BlackTeam "Vandoeuvre"]
[TimeControl "90+30"]

1. e4 {0} c5 {11} 2. Nf3 {33} d6 {26} 3. Bb5+ {158} Nd7 {0} 4. c3 {411} Ngf6 {
1359} 5. Bd3 g6 {185} 6. Bc2 {164} Bg7 {24} 7. O-O {48} O-O {31} 8. d4 {26} e5
{290} 9. dxe5 {545} Nxe5 {40} 10. Nxe5 {565} dxe5 {7} 11. Nd2 {339} Be6 {198}
12. Bb3 {76} Qc8 {894} 13. Bxe6 {1084} Qxe6 {36} 14. Qe2 {8} Qc6 {107} 15. a4 {
379} Rac8 {884} 16. b3 {400} c4 {392} 17. Ba3 {682} Rfd8 {764} 18. Nxc4 {82}
Nxe4 {100} 19. Rac1 {23} Nc5 {188} 20. Bxc5 {50} Qxc5 {6} 21. Rfe1 {80} b5 {73}
22. axb5 {20} Qxb5 {9} 23. Qa2 {22} Rd7 {250} 24. Ne3 {186} Rd3 {97} 25. Nc4 {
206} Rcd8 {90} 26. h3 {73} e4 {66} 27. Rxe4 {83} Bxc3 {8} 28. Re3 {151} Rd1+ {
108} 29. Rxd1 {10} Rxd1+ {5} 30. Kh2 {5} Bd4 {107} 31. Rf3 {33} Qb8+ {63} 32.
g3 {19} Qe8 {21} 33. Ne3 {56} Bxe3 {41} 34. fxe3 {73} Qd7 {22} 35. Rf2 {11} Qd5
{26} 36. Rg2 {17} a5 {50} 37. Qc2 {16} Rd3 {70} 38. Qc4 {35} Qxc4 {31} 39. bxc4
{3} Rxe3 {57} 40. Ra2 {5} Re5 {105} 41. Kg2 {11} Kf8 {9} 42. Rb2 {75} Ke7 {28}
43. Rb7+ {10} Ke6 {22} 44. Ra7 {15} Rc5 {67} 45. Kf3 {8} h5 {10} 46. Ra6+ {130}
Ke5 {44} 47. Ke3 {29} h4 {92} 48. gxh4 {0} Rxc4 {0} 49. Rxa5+ {0} Kf6 {0} 50.
Kf3 {57} Rxh4 {7} 51. Kg3 {3} Rb4 {4} 52. Ra7 {13} g5 {15} 53. Ra6+ {31} Kf5 {6
} 54. Ra5+ {6} Kg6 {4} 55. Ra6+ {37} f6 {9} 56. Rc6 {19} Re4 {38} 57. Ra6 {32}
Re3+ {21} 58. Kg4 {52} Re1 {41} 59. Rb6 {11} Rg1+ {36} 60. Kf3 {9} Rf1+ {14}
61. Kg3 {27} Kh5 {12} 62. Kg2 {59} Rf4 {6} 63. Kg3 {91} f5 {16} 64. Rb8 {9} Rd4
{34} 65. Rh8+ {29} Kg6 {4} 66. Rg8+ {6} Kh6 {14} 67. Rf8 {42} Rd3+ {15} 68. Kg2
{8} Kg6 {29} 69. Rg8+ {14} Kf6 {7} 70. Rf8+ {7} Ke5 {5} 71. Ra8 {59} Ke4 {47}
72. Ra4+ {90} Ke3 {29} 73. Ra5 {45} Rd2+ {22} 74. Kg1 {30} Kf4 {79} 75. Rb5 {27
} Kg3 {50} 76. Rb3+ {36} Kh4 {8} 77. Ra3 {31} f4 {9} 78. Ra5 {29} g4 {229} 79.
hxg4 {29} Kg3 {5} 80. Kf1 {32} f3 {20} 81. Ke1 {5} Rb2 {48} 0-1

[Event "TOP 12 Feminin 2023 Phase 1"]
[Site "MULHOUSE, France"]
[Date "2023.05.18"]
[Round "1.19"]
[White "THOMAS, Anisya"]
[Black "BELENKAYA, Dina"]
[Result "1/2-1/2"]
[ECO "E11"]
[WhiteElo "2147"]
[BlackElo "2295"]
[PlyCount "110"]
[EventDate "2023.??.??"]
[WhiteTeam "Vandoeuvre"]
[BlackTeam "Monaco"]
[TimeControl "90+30"]

1. d4 {3} d5 {14} 2. c4 {6} e6 {18} 3. Nf3 {16} Nf6 {24} 4. g3 {7} Bb4+ {142}
5. Bd2 {0} a5 {0} 6. Bg2 {0} dxc4 {116} 7. Qc1 {4} O-O {291} 8. Bxb4 {172} axb4
{0} 9. Qxc4 {1187} Qd5 {0} 10. Nbd2 {0} Nc6 {0} 11. O-O {0} Rd8 12. e3 {79}
Qxc4 {353} 13. Nxc4 {10} Ne4 {552} 14. Nfe5 {1133} Nxe5 15. Nxe5 {0} Nf6 {1165}
16. Rfc1 {159} c6 {78} 17. Nd3 {682} Nd5 {20} 18. Bxd5 {9} Rxd5 {331} 19. Nxb4
{8} Rda5 {38} 20. a3 {891} e5 {149} 21. dxe5 {134} Rxe5 {8} 22. Rd1 {21} Bf5 {
232} 23. Rd6 {151} Kf8 {67} 24. Rad1 {60} Ke7 {63} 25. R6d4 {228} Rb5 {241} 26.
e4 {824} Bg4 {70} 27. R1d2 {72} g5 {72} 28. a4 {54} Rba5 {34} 29. b3 {55} Be6 {
24} 30. R4d3 {243} Re5 {111} 31. Rd4 {37} Rc5 {558} 32. R4d3 {303} Rc1+ {48}
33. Kg2 {20} Rb1 {10} 34. f4 {93} gxf4 {180} 35. gxf4 {4} Rxb3 {84} 36. f5 {88}
Rxd3 {441} 37. Nxd3 {13} Bc8 {62} 38. Ra2 {49} Ra5 {49} 39. Kf3 {19} f6 {193}
40. h4 {43} b6 {117} 41. h5 {39} h6 {54} 42. Kf4 {25} Bd7 {35} 43. Rb2 {16} Ra6
{13} 44. Rg2 {44} Be8 {102} 45. Rg7+ {11} Bf7 {59} 46. Nb4 {125} Rxa4 {0} 47.
Nxc6+ Kf8 {0} 48. Rh7 {1451} Bd5 {86} 49. Nd8 {18} Rxe4+ {12} 50. Kg3 {11} Re3+
{9} 51. Kg4 {21} Re4+ {13} 52. Kg3 {4} Re5 {34} 53. Rxh6 {111} Rxf5 {6} 54. Kg4
{29} Rg5+ {15} 55. Kf4 {31} Kg7 {18} 1/2-1/2

[Event "TOP 12 Feminin 2023 Phase 1"]
[Site "MULHOUSE, France"]
[Date "2023.05.18"]
[Round "1.20"]
[White "LECONTE, Maria"]
[Black "STOLL, Lucia"]
[Result "1-0"]
[ECO "C55"]
[WhiteElo "2165"]
[BlackElo "1948"]
[PlyCount "63"]
[EventDate "2023.??.??"]
[WhiteTeam "Monaco"]
[BlackTeam "Vandoeuvre"]
[TimeControl "90+30"]

1. e4 {8} e5 {10} 2. Nf3 {9} Nc6 {5} 3. Bc4 {12} Nf6 {19} 4. d3 {5} Be7 {163}
5. Nc3 {0} d6 {11} 6. h3 {105} Na5 {0} 7. a4 {467} Nxc4 8. dxc4 {0} a5 {1187}
9. Qd3 {0} O-O {0} 10. g4 {0} c6 {488} 11. Be3 {112} Qc7 {90} 12. O-O-O {587}
Be6 {444} 13. Nh4 {1277} Rfd8 {538} 14. g5 {310} Nd7 {307} 15. Nf5 {263} Nc5 {
212} 16. Qe2 {10} Bf8 {121} 17. Ng3 {726} Rd7 {507} 18. Nh5 {82} Qd8 {253} 19.
Rhg1 {60} Kh8 {86} 20. f4 {151} d5 {918} 21. cxd5 {503} cxd5 {27} 22. exd5 {10}
Bxh3 {400} 23. fxe5 {138} Bf5 {91} 24. Qf2 {43} Bg6 {25} 25. Nf4 {10} Rc8 {139}
26. Nxg6+ {18} fxg6 {35} 27. e6 {79} Rdc7 {74} 28. Rh1 {22} Na6 {230} 29. Rxh7+
{67} Kxh7 {72} 30. Rh1+ {5} Kg8 {6} 31. Qh2 {18} Rxc3 {27} 32. Qh8# {11} 1-0

[Event "TOP 12 Feminin 2023 Phase 1"]
[Site "MULHOUSE, France"]
[Date "2023.05.18"]
[Round "1.21"]
[White "MILLIET, Sophie"]
[Black "BATSIASHVILI , Nino"]
[Result "1/2-1/2"]
[ECO "C78"]
[WhiteElo "2385"]
[BlackElo "2465"]
[PlyCount "140"]
[EventDate "2023.??.??"]
[WhiteTeam "Grasse"]
[BlackTeam "Juvisy sur Orge"]
[TimeControl "90+30"]

1. e4 {2} e5 {4} 2. Nf3 {5} Nc6 {3} 3. Bb5 {10} a6 {5} 4. Ba4 {3} Nf6 {6} 5.
O-O {9} Bc5 {15} 6. c3 {167} b5 {0} 7. Bb3 {0} d6 {0} 8. d4 {0} Bb6 {0} 9. Be3
{5} O-O {114} 10. Nbd2 {0} Re8 {288} 11. h3 {176} Bd7 {1187} 12. dxe5 {670}
Bxe3 {248} 13. exf6 {5} Bxd2 {7} 14. Qxd2 {21} Qxf6 {8} 15. Ng5 {200} Re7 {778}
16. f4 {93} Rf8 {954} 17. e5 {566} Qg6 {246} 18. exd6 {325} cxd6 {658} 19. Bc2
{223} f5 {127} 20. Bb3+ {99} Kh8 {7} 21. Rad1 {225} h6 {21} 22. Nf3 {123} Rf6 {
49} 23. Rfe1 {293} Qg3 {450} 24. Rxe7 {771} Nxe7 {4} 25. Qe1 {4} Qxe1+ {10} 26.
Rxe1 {4} Ng6 {10} 27. Nd4 {34} b4 {730} 28. g3 {13} bxc3 {6} 29. bxc3 {1} Rf8 {
63} 30. Be6 {992} Bc8 {107} 31. Kf2 {41} Ne7 {17} 32. Bb3 {203} Ng8 {13} 33.
Bxg8 {5} Kxg8 {13} 34. Re7 {48} Rf7 {61} 35. Re8+ {6} Rf8 {3} 36. Re7 {3} Rf7 {
4} 37. Re8+ {45} Rf8 {1} 38. Rxf8+ {19} Kxf8 {4} 39. Ke3 {12} Ke7 {90} 40. Nc2
{86} Bb7 {82} 41. Kd4 {38} Ke6 {188} 42. Ne3 {9} Be4 {148} 43. h4 {68} Bb1 {66}
44. a3 {141} Kd7 {8} 45. Nd5 {45} Kc6 {103} 46. c4 {43} a5 {38} 47. Nc3 {32}
Bc2 {7} 48. Nd5 {42} Bb1 {11} 49. Ne3 {5} h5 {78} 50. Nf1 {15} Be4 {54} 51. Nd2
{6} Bg2 {190} 52. Nb3 {8} Kb6 {14} 53. Kc3 {58} Bc6 {107} 54. Kd4 {146} Bf3 {47
} 55. Nc1 {12} Be4 {66} 56. Ne2 {11} Kc6 {10} 57. Nc3 {22} Bf3 {31} 58. Nb1 {59
} Be4 {19} 59. Nd2 {4} Bg2 {4} 60. Kc3 {48} Kb6 {6} 61. Kd3 {31} Bc6 {54} 62.
Nb3 {38} Be4+ {82} 63. Kc3 {10} Bc6 {7} 64. Nd4 {7} Bd7 {4} 65. Nf3 {29} Kc5 {
15} 66. Ne1 {17} Bc6 {26} 67. Nd3+ {9} Kb6 {1} 68. Kd4 {21} Bf3 {50} 69. Nc1 {
105} Kc6 {25} 70. Nb3 {51} Kb6 {Ke4 [%emt 00:01:33] 2} 1/2-1/2

[Event "TOP 12 Feminin 2023 Phase 1"]
[Site "MULHOUSE, France"]
[Date "2023.05.18"]
[Round "1.22"]
[White "AFRAOUI , Anaelle"]
[Black "MATNADZE-BUJIASHVILI, Ann"]
[Result "1/2-1/2"]
[ECO "B15"]
[WhiteElo "2118"]
[BlackElo "2393"]
[PlyCount "87"]
[EventDate "2023.??.??"]
[WhiteTeam "Juvisy sur Orge"]
[BlackTeam "Grasse"]
[TimeControl "90+30"]

1. e4 c6 2. d4 d5 3. Nc3 dxe4 4. Nxe4 Nf6 5. Nxf6+ exf6 6. c3 Bd6 7. Bd3 Qc7 8.
Ne2 h5 9. Qc2 h4 10. h3 Nd7 11. O-O Nf8 12. c4 Ne6 13. f4 b6 14. f5 Ng5 15. Nf4
Bd7 16. Qe2+ Kf8 17. Bd2 Re8 18. Qg4 c5 19. d5 Be5 20. Rae1 Bxb2 21. Ne6+ fxe6
22. fxe6 Nxe6 23. dxe6 Bc6 24. Bg6 Re7 25. Bf4 Qd8 26. Rd1 Bd4+ 27. Kh1 Be8 28.
Bxe8 Rxe8 29. Be5 Qe7 30. Rxd4 cxd4 31. Bxf6 gxf6 32. Qg6 Qxe6 33. Rxf6+ Qxf6
34. Qxf6+ Kg8 35. Qxd4 Rh7 36. a4 Ree7 37. Qd8+ Kf7 38. Kg1 Kg6 39. Qd6+ Kf5
40. Qd5+ Kf6 41. Qd6+ Kf5 42. Qd5+ Kf6 43. Qd6+ Kf5 44. Qd5+ 1/2-1/2

[Event "TOP 12 Feminin 2023 Phase 1"]
[Site "MULHOUSE, France"]
[Date "2023.05.18"]
[Round "1.23"]
[White "UTA, Adeline"]
[Black "SALVADOR, Lucie"]
[Result "1-0"]
[ECO "A43"]
[WhiteElo "2116"]
[BlackElo "1989"]
[PlyCount "79"]
[EventDate "2023.??.??"]
[WhiteTeam "Grasse"]
[BlackTeam "Juvisy sur Orge"]
[TimeControl "90+30"]

1. e4 {3} g6 {4} 2. d4 {23} d6 {4} 3. f4 {45} Bg7 {150} 4. Nf3 {0} Nd7 {407} 5.
Nc3 {0} c5 {176} 6. d5 {0} a6 {1187} 7. a4 {0} Qc7 {0} 8. Bc4 {0} Nh6 {0} 9.
O-O {0} f5 10. Re1 {486} Nb6 {75} 11. Bf1 {429} fxe4 {1017} 12. Nxe4 {57} Bf5 {
53} 13. Neg5 {174} O-O {608} 14. a5 {237} Nc8 {12} 15. Ne6 {88} Bxe6 {11} 16.
Rxe6 {29} b6 {246} 17. axb6 {239} Qxb6 {8} 18. c3 {788} Ng4 {314} 19. Bc4 {138}
Qb7 {123} 20. Qe2 {326} a5 {119} 21. Nh4 {393} Nh6 {241} 22. g4 {612} Nf7 {298}
23. f5 {221} g5 {149} 24. Nf3 {78} h6 {6} 25. h4 {96} Bf6 {370} 26. hxg5 {19}
Nxg5 {32} 27. Nxg5 {18} hxg5 {35} 28. Bxg5 {134} Be5 {172} 29. Rxe5 {202} dxe5
{63} 30. d6+ {28} Rf7 {222} 31. dxe7 {49} Nd6 {191} 32. Bxf7+ {87} Kxf7 {65}
33. Qxe5 {203} Qxb2 {74} 34. Rd1 {114} Ne8 {278} 35. Qd5+ {105} Kg7 {6} 36.
Qxa8 {68} Qe2 {82} 37. Rf1 {43} Nd6 {137} 38. Qf8+ {35} Kh7 {12} 39. Qh6+ {8}
Kg8 {6} 40. Qg6+ {23} 1-0

[Event "TOP 12 Feminin 2023 Phase 1"]
[Site "MULHOUSE, France"]
[Date "2023.05.18"]
[Round "1.24"]
[White "AUVRAY, Honorine"]
[Black "FORESTIER, Carole"]
[Result "1-0"]
[ECO "A13"]
[WhiteElo "2028"]
[BlackElo "2009"]
[PlyCount "103"]
[EventDate "2023.??.??"]
[WhiteTeam "Juvisy sur Orge"]
[BlackTeam "Grasse"]
[TimeControl "90+30"]

1. c4 e6 2. Nc3 d5 3. e3 Nf6 4. Nf3 Nbd7 5. b3 c6 6. Bb2 Bd6 7. Be2 O-O 8. O-O
e5 9. cxd5 cxd5 10. Nb5 Bb8 11. Ba3 e4 12. Nfd4 Re8 13. Nf5 Ne5 14. Nfd6 a6 15.
Nxe8 axb5 16. Nxf6+ Qxf6 17. Qc2 Bf5 18. Rfc1 h5 19. Bb2 h4 20. Kh1 Qg5 21. Qd1
h3 22. g3 Nd3 23. Bxd3 exd3 24. Qf1 Ra6 25. f3 Rg6 26. Qf2 Re6 27. Bd4 Rc6 28.
Rxc6 bxc6 29. a4 Qe7 30. axb5 c5 31. Bb2 Qb7 32. g4 Be6 33. Qh4 Qxb5 34. Qg5 d4
35. Bxd4 f6 36. Bxf6 Qb7 37. e4 Qc7 38. f4 Qb7 39. Re1 Bxb3 40. Be5 Ba7 41.
Qd8+ Kh7 42. Qxd3 c4 43. Qxh3+ Kg8 44. g5 Bc2 45. Qf3 Qd7 46. Bc3 Qe7 47. Qg2
Bb3 48. f5 Kf7 49. f6 gxf6 50. gxf6 Qc5 51. Qg7+ Ke8 52. f7+ 1-0